 Dungeon Crawl Stone Soup version 0.24-a0-271-ga0fc33f (webtiles) character file.

Game seed: 13645292444299127862

80 gruber the Shooter (level 4, 0/36 HPs)
             Began as a Centaur Hunter on Apr 23, 2019.
             Slain by Natasha (3 damage)
             ... on level 2 of the Dungeon.
             The game lasted 00:02:13 (1664 turns).

gruber the Shooter (Centaur Hunter)                 Turns: 1664, Time: 00:02:14

Health: 0/36       AC:  6    Str: 15    XL:     4   Next: 18%
Magic:  4/4        EV:  9    Int: 10    God:
Gold:   28         SH:  0    Dex: 10    Spells: 3/3 levels left

rFire    . . .     SeeInvis .   g - +0 dagger (protect)
rCold    + . .     Gourm    .   (no shield)
rNeg     . . .     Faith    .   c - +0 leather armour
rPois    .         Spirit   .   q - +1 hat
rElec    .         Reflect  .   s - +0 cloak
rCorr    .         Harm     .   (no gloves)
MR       .....                  (no barding)
Stlth    +.........             (no amulet)
HPRegen  0.12/turn              h - ring of protection from cold
MPRegen  0.09/turn              (no ring)

@: very quick
A: large, hooves 3, deformed body, speed 2, tough skin 3
a: no special abilities


You were on level 2 of the Dungeon.
You were not hungry.

You visited 1 branch of the dungeon, and saw 2 of its levels.

You collected 28 gold pieces.

Inventory:

Hand Weapons
 a - a +1 shortbow
 b - a +0 short sword
 g - a +0 dagger of protection (weapon)
Missiles
 d - 12 arrows
Armour
 c - a +0 leather armour (worn)
 i - a +0 helmet
 q - a +1 hat (worn)
 s - a +0 cloak (worn)
Jewellery
 h - a ring of protection from cold (left hand)
 n - an uncursed ring of positive energy
Scrolls
 e - a scroll of random uselessness {unknown}
 j - 3 scrolls of identify {unknown}
 m - a scroll of remove curse {unknown}
 p - a scroll of amnesia {unknown}
Potions
 k - a potion of brilliance {unknown}
 l - 2 potions of haste {unknown}
 r - a potion of ambrosia {unknown}
Comestibles
 f - 4 rations
 o - 3 chunks of flesh


   Skills:
 - Level 2.0 Fighting
 + Level 7.6 Bows
 - Level 1.3 Dodging
 - Level 0.4 Stealth


You had 3 spell levels left.
You didn't know any spells.
Your spell library was empty.

Dungeon Overview and Level Annotations

Branches:
Dungeon (2/15)

Altars:

Annotations:
D:2 Natasha


Innate Abilities, Weirdness & Mutations

You have hooves in place of feet.
Armour fits poorly on your strangely shaped body.
You cover ground very quickly.
You have extremely tough skin. (AC +3)


Message History

Natasha claws you! The white imp completely misses you.
You are too injured to fight recklessly!
You are too injured to fight recklessly!
Wield which item (- for none, * to show all)? (? for menu, Esc to quit)
Your +0 dagger of protection hums with potential!
g - a +0 dagger of protection (weapon)
Natasha claws you.
You barely miss Natasha.
Natasha is severely wounded.
The white imp hits you. The white imp freezes you. You resist.
* * * LOW HITPOINT WARNING * * *
The crimson imp completely misses you. Natasha claws you.
* * * LOW HITPOINT WARNING * * *
You closely miss Natasha.
Natasha is severely wounded.
The white imp gestures at you. The puff of frost hits you. You resist.
* * * LOW HITPOINT WARNING * * *
The crimson imp misses you. Natasha claws you.
You die...

########## #........#
#........#
#.....5..############
#(...5h@5.....[......
#...))#######....##.
#.....#### #.##.#
#(.......####.# #
#...(.##......# ####
#......####.#.# ....
##(###..# #.#.. ....
#(<###.###.### ....
##..#...##.# ....


You could see Natasha, a crimson imp and 2 white imps.

Vanquished Creatures
  Natasha (D:2)
  An adder (D:2)
  A dart slug (D:1)
  2 leopard geckos (D:2)
  5 giant cockroaches
  8 goblins
  5 hobgoblins
  A quokka (D:2)
  3 bats (D:1)
  5 frilled lizards
  5 kobolds
  A rat (D:2)
38 creatures vanquished.

Notes
Turn   | Place    | Note
-------+----------+-------------------------------------------
     0 | D:1      | gruber the Centaur Hunter began the quest for the Orb.
     0 | D:1      | Reached XP level 1. HP: 17/17 MP: 1/1
   305 | D:1      | Reached XP level 2. HP: 21/24 MP: 2/2
   315 | D:1      | Reached skill level 6 in Bows
   882 | D:2      | Reached XP level 3. HP: 14/29 MP: 3/3
  1208 | D:2      | Reached skill level 7 in Bows
  1616 | D:2      | Noticed Natasha
  1637 | D:2      | Killed Natasha
  1637 | D:2      | Reached XP level 4. HP: 29/36 MP: 4/4
  1652 | D:2      | Noticed Natasha
  1664 | D:2      | Slain by Natasha

Levels and vault maps discovered:
D:1:      matt_arrival_spirals, layout_loops_ring
D:2:      layout_rooms, chequers_ecumenical_altar_simple_redux, first_ration,
          uniq_natasha

Skill      XL: |  1  2  3 |
---------------+----------+-----
Bows           | 6 7 |  7.6
Fighting       | |  2.0
Dodging        | |  1.3
Stealth        | |  0.4

Action                   |  1- 3 |  4- 6 || total
-------------------------+-------+-------++-------
Melee: Short sword       |    26 |       ||    26
       Kick              |    28 |       ||    28
       Dagger            |   144 |     2 ||   146
 Fire: Shortbow          |       |     8 ||     8
  Eat: Chunk             |     2 |       ||     2
Armor: Leather armour    |    77 |     3 ||    80
Dodge: Dodged            |    75 |     5 ||    80

Table legend:
 A = Non-vault XP
 B = Vault XP
 C = Vault XP percentage of total XP
 D = Non-vault monster count
 E = Vault monster count
 F = Vault count percentage of total count
                 A         B        C        D         E       F
            +---------+---------+-------+---------+---------+-------
      Total |      78 |      37 |  32.2 |      37 |       1 |   2.6
            +---------+---------+-------+---------+---------+-------
        D:1 |      36 |       0 |   0.0 |      20 |       0 |   0.0
        D:2 |      42 |      37 |  46.8 |      17 |       1 |   5.6
            +---------+---------+-------+---------+---------+-------
